 Dungeon Crawl Stone Soup version 0.28-a0-2-g643f2454ad (webtiles) character file.

Game seed: 3278082748394964505

94 Gwenloh the Digger (level 4, -1/24 HPs)
             Began as a Gargoyle Earth Elementalist on July 23, 2021.
             Killed from afar by Sigmund (10 damage)
             ... with a puff of flame
             ... on level 2 of the Dungeon.
             The game lasted 00:13:48 (3467 turns).

Gwenloh the Digger (Gargoyle Earth Elementalist)    Turns: 3467, Time: 00:13:48

Health: -1/24      AC:  7    Str: 11    XL:     4   Next: 63%
Magic:  7/7        EV: 11    Int: 17    God:
Gold:   68         SH:  0    Dex: 10    Spells: 1/7 levels left

rFire   . . .      SeeInvis .   o - +0 whip
rCold   . . .      Faith    .   (no shield)
rNeg    + . .      Spirit   .   i - +0 leather armour
rPois   ∞          Reflect  .   (no helmet)
rElec   +          Harm     .   (no cloak)
rCorr   .          Rampage  .   (no gloves)
Will    .....                   h - +0 pair of boots
Stlth   +.........              (no amulet)
HPRegen 0.08/turn               (no ring)
MPRegen 0.10/turn               (no ring)

@: confused
A: sickness immunity, AC +3, negative energy resistance 1, electricity
resistance, torment resistance 1, petrification resistance
a: no special abilities


You were on level 2 of the Dungeon.
You visited 1 branch of the dungeon, and saw 2 of its levels.

You collected 68 gold pieces.

Inventory:

Hand Weapons
 d - a +0 dagger
 o - a +0 whip (weapon)
 s - a +0 quarterstaff
Missiles
 c - 62 stones
Armour
 b - a +0 robe
 h - a +0 pair of boots (worn)
 i - a +0 leather armour (worn)
 q - a +0 helmet
Scrolls
 e - a scroll of fear {unknown}
 g - 3 scrolls of identify {unknown}
 m - a scroll of vulnerability {unknown}
 t - a scroll of teleportation {unknown}
Potions
 a - 2 potions of attraction {unknown}
 f - 2 potions of heal wounds {unknown}
 j - a potion of mutation {unknown}
 k - a potion of lignification {unknown}
 l - 2 potions of curing {unknown}
 n - a potion of degeneration {unknown}
 p - a potion of magic {unknown}
 r - 2 potions of haste {unknown}


   Skills:
 - Level 1.5 Dodging
 - Level 2.1 Stealth
 - Level 2.4 Spellcasting
 + Level 1.6 Conjurations
 - Level 0.7 Transmutations
 * Level 5.6 Earth Magic


You had one spell level left.
You knew the following spells:

 Your Spells              Type           Power      Damage    Failure   Level
a - Sandblast             Erth           42%        2d11      2%          1
b - Stone Arrow           Conj/Erth      28%        3d8       17%         3
c - Passwall              Tmut/Erth      10%        N/A       10%         2

Your spell library contained the following spells:

 Spells                   Type           Power      Damage    Failure   Level
 Petrify                  Tmut/Erth      12%        N/A       54%         4
 Ozocubu's Armour         Ice            2%         N/A       58%         3
 Ozocubu's Refrigeration  Ice            1%         4d5       100%        7


Dungeon Overview and Level Annotations

Branches:
Dungeon (2/15)

Altars:

Annotations:
D:2 1 runed translucent door, Crazy Yiuf, Sigmund


Innate Abilities, Weirdness & Mutations

You are immune to sickness and miasma.
Your stone body is resilient. (AC +3)
You are immune to poison.
You resist negative energy. (rN+)
You are resistant to electric shocks. (rElec)
You are resistant to unholy torment.
You are immune to petrification.


Message History

There is a stone staircase leading up here.
You climb upwards.
Reactivating autopickup.
There is a stone staircase leading down here.
There is an open door here.
There is an open door here.
There is an open door here.
You see here a +0 ring mail.
There is a stone staircase leading down here.
You climb downwards.
Level annotation: 1 runed translucent door, Crazy Yiuf, Sigmund
There is a stone staircase leading up here.
There is an open door here.
There is an open door here.
Sigmund shouts!
Sigmund casts a spell at you. The puff of flame hits you.
There is a stone staircase leading up here.
Casting: Sandblast (safe; 2% risk of failure)
Confirm with . or Enter, or press ? or * to list all spells.
You can't see any susceptible monsters within range! (Use Z to cast anyway.) Sigmund zaps a wand.
The puff of flame hits you.
Sigmund points at you and mumbles some strange words.
You are confused.
Sigmund casts a spell at you.
You are more confused.
Sigmund casts a spell at you. You resist with some effort.
Sigmund points at you and mumbles some strange words.
The puff of flame hits you.
Sigmund zaps a wand.
The puff of flame misses you. Sigmund gestures at you while chanting.
The puff of flame hits you! Sigmund casts a spell at you.
The magic dart hits you.
In your confused state, you trip and fall back down the stairs.
In your confused state, you trip and fall back down the stairs.
Sigmund laughs darkly.
Sigmund zaps a wand.
The puff of flame hits you!
You die...

.........<.............|.........
...........................#+####
##.........................#+####
#.....######....................
#.....# #....######...........
#.....# ####.#.# #...........
#.....# #....#.######...........
#.....# #....#.....@............
##.....###......@####.###'#......
#..............### #.# #........
#..............######.###.......#
#........................÷...##.#
#.....................##..#..##.#
#.....................##....>##..
#.....................'..######..
########..............#########..
#..............###.....'..


You could see Sigmund.

Vanquished Creatures
  Robin (D:2)
  An adder (D:2)
  2 dart slugs (D:1)
  4 endoplasms
  2 giant cockroaches (D:1)
  13 goblins
  9 hobgoblins
  8 jackals
  3 quokkas
  3 ball pythons
  4 bats
  2 frilled lizards
  5 kobolds
  2 rats
59 creatures vanquished.

Notes
Turn   | Place    | Note
-------+----------+-------------------------------------------
     0 | D:1      | Gwenloh the Gargoyle Earth Elementalist began the quest for
                  | the Orb.
     0 | D:1      | Reached XP level 1. HP: 10/10 MP: 3/3
   214 | D:1      | Reached skill level 4 in Earth Magic
   334 | D:1      | Reached XP level 2. HP: 9/15 MP: 3/5
   457 | D:1      | Learned a level 2 spell: Passwall
   918 | D:1      | Found a faded altar of an unknown god.
  1408 | D:1      | Reached XP level 3. HP: 13/19 MP: 6/6
  1412 | D:1      | Learned a level 3 spell: Stone Arrow
  2058 | D:2      | Reached skill level 5 in Earth Magic
  2079 | D:2      | Reached skill level 1 in Conjurations
  2335 | D:2      | Reached XP level 4. HP: 24/24 MP: 7/7
  2409 | D:2      | Noticed Robin
  2431 | D:2      | Killed Robin
  2648 | D:2      | Noticed Sigmund
  3267 | D:2      | Found a runed translucent door.
  3268 | D:2      | Noticed Crazy Yiuf
  3467 | D:2      | Killed from afar by Sigmund

Illustrated notes

Levels and vault maps discovered:
D:1:      lemuel_arrival_rhombus, layout_loops_corners, basic_ecumenical_altar
D:2:      layout_basic, uniq_crazy_yiuf_cottage, uniq_sigmund, uniq_robin

Skill      XL: |  1  2  3 |
---------------+----------+-----
Earth Magic    | 4 5 |  5.6
Conjurations   | 1 |  1.6
Dodging        | |  1.5
Stealth        | |  2.1
Spellcasting   | |  2.4
Transmutations | |  0.7

Action                   |  1- 3 |  4- 6 || total
-------------------------+-------+-------++-------
Melee: Dagger            |   155 |    23 ||   178
       Unarmed           |    10 |       ||    10
       Whip              |       |    12 ||    12
 Cast: Sandblast         |    14 |    20 ||    34
       Passwall          |     2 |       ||     2
       Stone Arrow       |     1 |       ||     1
 Stab: Sleeping          |     1 |       ||     1
Armor: Robe              |    25 |       ||    25
       Leather armour    |    39 |    15 ||    54
Dodge: Dodged            |    84 |    21 ||   105

Table legend: (Time is in decaauts)
 A = Elapsed time spent in this place.
 B = Non-inter-level travel time spent in this place.
 C = Inter-level travel time spent in this place.
 D = Time resting spent in this place.
 E = Time spent auto-exploring this place.
 F = Levels seen in this place.
 G = Mean time per level.
                   A        B        C        D        E       F      G
               +--------+--------+--------+--------+--------+-----+--------+
         Total |   3470 |   3344 |    126 |    838 |   1719 |   2 | 1735.0 |
       Dungeon |   3470 |   3344 |    126 |    838 |   1719 |   2 | 1735.0 |
               +--------+--------+--------+--------+--------+-----+--------+

Top non-repeatable levels by time:
     D:1: 2316 daAuts
     D:2: 1153 daAuts
